AoeStats
← The Bear Jew

Arena

508275603Analyzed
1v1 RM · 11d ago on Sep 21, 2026· 49m 20s· 2 players
Game mode
Random Map
Map size
Tiny (2 player)
Population
200
Speed
Normal
Resources
Standard
Victory
Conquest
Starting age
Dark Age
Ending age
Imperial Age
RankedLock teamsTeams togetherTeam positionsShared explorationLock speedFull tech treeHidden civsTurbo modeCheats
Victory
Defeat
🇪🇸 Teutons · Spain
975
+17
🇧🇪 Ethiopians · Belgium
1004
-17
The Bear Jew
12:22 Feudal Age
16:04 Castle Age
13:54 Double-Bit Axe
14:12 Horse Collar
14:53 Stone Mining
17:33 Bow Saw
19:56 Gold Mining
23:28 Scale Barding Armor
24:52 Chain Barding Armor
26:59 Scale Mail Armor
28:41 Wheelbarrow
27:52 Town Watch
28:11 Loom
30:05 Heavy Plow
31:25 Chain Mail Armor
33:25 Forging
38:40 Imperial Age
36:26 Hand Cart
36:12 Town Patrol
38:16 Iron Casting
38:28 Bloodlines
39:52 Conscription
38:55 Elite Teutonic Knight
39:05 Cavalier
40:49 Blast Furnace
40:20 Plate Mail Armor
40:26 Fletching
42:01 Plate Barding Armor
43:03 Crenellations
44:22 Bodkin Arrow
45:50 Ballistics
46:31 Chemistry
47:10 Paladin
47:28 Capped Ram
47:48 Capped Ram
Vinelta
10:44 Feudal Age
11:47 Loom
14:57 Castle Age
12:47 Double-Bit Axe
12:43 Horse Collar
25:42 Bow Saw
25:33 Heavy Plow
25:24 Gold Mining
26:51 Wheelbarrow
28:29 Hand Cart
28:20 Town Watch
32:32 Imperial Age
30:16 Scale Mail Armor
30:27 Forging
30:50 Squires
30:36 Arson
34:37 Heavy Scorpion
36:33 Masonry
36:29 Siege Engineers
36:46 Murder Holes
37:28 Siege Engineers
38:45 Fletching
39:40 Architecture
39:36 Ballistics
40:23 Chemistry
41:47 Bodkin Arrow
Connection lost

Rejoining the realm…

Still unreachable

The connection could not be restored.

Session expired

The server has moved on; the page needs a fresh start.